 Dungeon Crawl Stone Soup version 0.31.0-11-ge490571c62 (webtiles) character file.

Game seed: 17987746066849291290

104041 Warped the Severer (level 15, -4/135 HPs)
             Began as a Minotaur Monk on Jan 27, 2024.
             Was the Champion of Qazlal.
             Slain by a tyrant leech (26 damage)
             ... on level 2 of the Swamp.
             The game lasted 00:44:38 (25257 turns).

Warped the Severer (Minotaur Monk)                 Turns: 25257, Time: 00:44:38

Health: -4/135     AC:  9    Str: 21    XL:     15   Next: 90%
Magic:  14/22      EV: 18    Int:  7    God:    Qazlal [******]
Gold:   2142       SH: 13    Dex: 15    Spells: 14/14 levels left

rFire   + + .        a - +5 battleaxe (elec)
rCold   + . .        (shield currently unavailable)
rNeg    . . .        R - +0 swamp dragon scales
rPois   +            (helmet restricted)
rElec   .            q - scarf {rC+ rF+}
rCorr   +            W - +0 pair of gloves
SInv    .            H - +0 pair of boots
Will    +....        E - amulet of reflection
Stlth   +            T - ring of resist corrosion
HPRegen 0.42/turn    I - ring of protection from fire
MPRegen 0.18/turn

%: repel missiles, reflection
@: protected from physical damage, corroded
A: horns 2, retaliatory headbutt
a: Renounce Religion, Upheaval, Elemental Force, Disaster Area


You were on level 2 of the Swamp.
You worshipped Qazlal.
Qazlal was exalted by your worship.
You visited 5 branches of the dungeon, and saw 25 of its levels.

You collected 2243 gold pieces.
You spent 101 gold pieces at shops.

Inventory:

Hand Weapons
 a - a +5 battleaxe of electrocution (weapon)
 b - a +3 morningstar of freezing
 s - a +1 arbalest of electrocution
 w - the +7 sling of Noth {heavy, Str+3 Dex+2}
   (You found it on level 3 of the Dungeon)

   Str+3:     It affects your strength (+3).
   Dex+2:     It affects your dexterity (+2).
 x - a +1 hand axe of flaming
 G - the +8 hand axe of Excruciating Pain {elec, rF++ Int+3 SInv}
   (You found it on level 5 of the Lair of Beasts)

   Int+3:     It affects your intelligence (+3).
   rF++:      It greatly protects you from fire.
   SInv:      It lets you see invisible.
Missiles
 k - 244 stones (quivered)
 l - 44 poisoned darts
 L - 11 curare-tipped darts
 Y - 4 throwing nets
Armour
 q - a scarf of resistance (worn)
 F - the +2 pearl dragon scales "Yfimae" {+Inv rElec rN+ MP+9 Int-3}
   (You found it on level 5 of the Dungeon)

   Int-3:     It affects your intelligence (-3).
   rElec:     It insulates you from electricity.
   rN+:       It protects you from negative energy.
   MP+9:      It affects your magic capacity (+9).
   +Inv:      It lets you turn invisible.
 H - a +0 pair of boots (worn)
 R - +0 swamp dragon scales (worn)
 W - a +0 pair of gloves (worn)
Jewellery
 v - a ring of see invisible
 E - an amulet of reflection (around neck)
 I - a ring of protection from fire (right hand)
 J - a ring of flight
 M - a ring of ice
 P - a ring of fire
 T - a ring of resist corrosion (left hand)
Wands
 o - a wand of flame (66)
 t - a wand of acid (13)
 y - a wand of paralysis (11)
 K - a wand of polymorph (26)
 N - a wand of mindburst (24)
 Q - a wand of roots (22)
 V - a wand of digging (8)
Scrolls
 d - 4 scrolls of revelation
 f - 2 scrolls of brand weapon
 g - 7 scrolls of teleportation
 i - 4 scrolls of blinking
 j - 3 scrolls of amnesia
 p - 4 scrolls of immolation
 r - 6 scrolls of identify
 B - 3 scrolls of torment
 O - 3 scrolls of fear
 S - a scroll of poison
 X - 2 scrolls of fog
 Z - 2 scrolls of enchant armour
Potions
 c - 2 potions of ambrosia
 e - 5 potions of mutation
 h - 7 potions of lignification
 m - 4 potions of haste
 n - 6 potions of curing
 u - 2 potions of heal wounds
 z - 3 potions of berserk rage
 A - 4 potions of might
 C - a potion of magic
 D - 4 potions of resistance
 U - a potion of invisibility


   Skills:
 + Level 13.1 Fighting
 - Level 20.6 Axes
 - Level 4.0 Ranged Weapons
 + Level 13.9 Armour
 * Level 14.1 Dodging
 - Level 11.3 Invocations


You had 14 spell levels left.
You didn't know any spells.
Your spell library contained the following spells:

 Spells                   Type           Power      Damage    Failure   Level
 Kiss of Death            Conj/Necr      0%         2d5       54%         1
 Necrotise                Necr           0%         1d4       54%         1
 Slow                     Hex            0%         N/A       54%         1
 Summon Small Mammal      Summ           0%         N/A       54%         1
 Mercury Vapours          Alch/Air       0%         N/A       69%         2
 Call Canine Familiar     Summ           0%         N/A       89%         3
 Confusing Touch          Hex            0%         N/A       89%         3
 Dazzling Flash           Conj/Hex       0%         N/A       89%         3
 Fugue of the Fallen      Necr           0%         N/A       89%         3
 Hailstorm                Conj/Ice       0%         3d5       89%         3
 Inner Flame              Hex/Fire       0%         N/A       89%         3
 Mephitic Cloud           Conj/Alch/Air  0%         N/A       89%         3
 Ozocubu's Armour         Ice            0%         N/A       89%         3
 Sigil of Binding         Hex            0%         N/A       89%         3
 Summon Ice Beast         Ice/Summ       0%         N/A       89%         3
 Tukima's Dance           Hex            0%         N/A       89%         3
 Vampiric Draining        Necr           0%         2d6       89%         3
 Animate Armour           Summ/Erth      0%         N/A       100%        4
 Animate Dead             Necr           0%         N/A       100%        4
 Dimensional Bullseye     Hex/Tloc       0%         N/A       100%        4
 Dispel Undead            Necr           0%         3d6       100%        4
 Iskenderun's Mystic Bla  Conj/Tloc      0%         2d3       100%        4
 Manifold Assault         Tloc           0%         N/A       100%        4
 Martyr's Knell           Necr/Summ      0%         N/A       100%        4
 Summon Blazeheart Golem  Fire/Summ      0%         N/A       100%        4
 Summon Lightning Spire   Summ/Air       0%         N/A       100%        4
 Curse of Agony           Necr           0%         N/A       100%        5
 Freezing Cloud           Conj/Ice/Air   0%         6-21      100%        5
 Irradiate                Conj/Alch      0%         3d11      100%        5
 Lee's Rapid Deconstruct  Erth           0%         3d4*      100%        5
 Silence                  Hex/Air        0%         N/A       100%        5
 Sculpt Simulacrum        Ice/Alch       0%         N/A       100%        6
 Haunt                    Necr/Summ      0%         N/A       100%        7
 Orb of Destruction       Conj           0%         9d5       100%        7
 Spellforged Servitor     Conj/Summ      0%         N/A       100%        7
 Ignition                 Fire           0%         3d3       100%        8
 Infestation              Necr           0%         N/A       100%        8


Dungeon Overview and Level Annotations

Branches:
Dungeon (15/15)            Temple (1/1) D:5            Lair (5/5) D:9
  Swamp (2/4) Lair:2       Spider (0/4) Lair:2        Slime (0/5) Lair:4
    Orc (2/2) D:12            Elf (0/3) Orc:2        Vaults (0/5) D:14
 Depths (0/4) D:15

Altars:
Ashenzari
Cheibriados
Dithmenos
Elyvilon
Fedhas
Gozag
Hepliaklqana
Kikubaaqudgha
Makhleb
Nemelex Xobeh
Okawaru
Qazlal
Ru
Sif Muna
Trog
Uskayaw
Vehumet
Wu Jian
Xom
Yredelemnul
Zin
The Shining One
Jiyva

Shops:
D:1 :   D:3 (   D:6 :   D:13 *   D:14 [   Orc:2 (=(*=[

Annotations:
D:13 2 transporters


Innate Abilities, Weirdness & Mutations

You have a pair of horns on your head.
You reflexively headbutt those who attack you in melee.


Message History

The tyrant leech is engulfed in freezing vapours.
The tyrant leech closely misses you.
Unknown command.
You closely miss the tyrant leech. You headbutt the tyrant leech!
The tyrant leech is severely wounded.
You hit the tyrant leech. The goliath frog hits you from afar.
You are splashed with acid.
You resist. You block the tyrant leech's attack.
Unknown command.
You completely miss the tyrant leech. Your headbutt misses the tyrant leech.
The tyrant leech is severely wounded.
You hit the tyrant leech but do no damage.
The goliath frog barely misses you. You block the tyrant leech's attack.
The tyrant leech bites you!
* * * LOW HITPOINT WARNING * * *
The tyrant leech draws strength from your injuries!
You slice the tyrant leech!!
You kill the tyrant leech!
Qazlal accepts your kill.
You hit the tyrant leech. The goliath frog hits you from afar!
* * * LOW HITPOINT WARNING * * *
The acid corrodes you!
You are splashed with acid.
You resist.
* * * LOW HITPOINT WARNING * * *
You feel better. You block the tyrant leech's attack.
The goliath frog completely misses you.
Unknown command.
Okay, then.
Activating: Disaster Area (2% risk of failure)
Press: ? - help, Dir - look around, f - activate Nature churns violently around you!
The goliath frog hits you from afar!!
* * * LOW HITPOINT WARNING * * *
The acid corrodes you!
You are splashed with acid.
You resist.
* * * LOW HITPOINT WARNING * * *
The tyrant leech is engulfed in freezing vapours.
You block the tyrant leech's attack.
Unknown command.
You feel much better. The goliath frog completely misses you.
The tyrant leech is engulfed in freezing vapours.
The tyrant leech bites you!!
You die...

♣♣ ♣♣♣~♣♣♣♣♣ ♣
§♣♣♣..~~.~.♣ ~~
~....~~~~.~♣ ~.~~
......~~~°°♣♣♣♣..~♣
..~...~~§~.§.♣..♣
....~~~~~~§@†§.~♣
~~..~~~.~.w°>~~♣♣
...~~~~†♣.F~☼..♣♣♣
..~~~~~<.~)~~~...~♣
~..~
..~~~~§~~))~~~.~~~~
.~~
~..~~~~~.~~~~~~~~~♣
♣~~
...§~:~...~.~~~..♣♣
♣♣..
..~~~.§♣♣♣♣♣♣~~~.♣
♣.~. ~~~~.~♣ §..♣♣
♣♣♣♣~..


You could see a tyrant leech and a goliath frog.

Vanquished Creatures
  Saint Roka (Orc:2)
  A fenstrider witch (Swamp:1)
  An orc warlord (D:12)
  The ghost of FoolsGold the Severer, a journeyman HOFi of Beogh (Lair:2)
  Nessos (Lair:3)
  An eleionoma (Swamp:1)
  A bunyip (Swamp:1)
  Snorg (Lair:3)
  A vault guard (D:14)
  An ogre mage (Orc:2)
  2 catoblepae
  7 hydras
  A rakshasa (D:13)
  A merfolk avatar (Lair:5)
  An alligator (Swamp:1)
  3 centaur warriors
  2 boulder beetles
  Erica (D:10)
  5 death yaks (Lair:4)
  4 tengu warriors
  Urug (D:12)
  7 two-headed ogres
  An orc high priest (Orc:2)
  Sonja (D:10)
  Amaemon (Lair:2)
  3 skysharks
  A glowing orange brain (D:15)
  A bog body (Swamp:1)
  A swamp dragon (Swamp:1)
  A harpy (Lair:5)
  Pikel (D:5)
  3 orc knights (Orc:2)
  3 deep elf pyromancers
  7 oklob plants (Lair:4)
  9 cyclopes
  4 manticores
  2 will-o-the-wisps (Swamp:1)
  3 orc sorcerers
  Maurice (D:7)
  11 ugly things
  A kobold blastminer (Orc:1)
  5 black mambas
  11 slime creatures
  An elephant (shapeshifter) (D:14)
  10 elephants
  2 orange demons
  An unseen horror (D:11)
  5 rime drakes
  8 cane toads
  A freezing wraith (D:14)
  6 kobold demonologists
  A yaktaur (D:15)
  3 efreet
  4 tengu conjurers
  14 komodo dragons
  5 trolls
  3 tyrant leeches
  A bloated husk (Swamp:1)
  3 polar bears
  A queen bee (D:12)
  A wind drake (Lair:5)
  A raiju (Orc:2)
  A snapping turtle (Lair:5)
  7 blink frogs
  A dream sheep (shapeshifter) (D:15)
  Sigmund (D:4)
  A culicivora (Lair:2)
  2 spriggans (Swamp:2)
  2 shadows
  6 wraiths
  2 vampires
  32 yaks
  A fire bat (Orc:2)
  6 wyverns
  2 basilisks (Lair:1)
  Eustachio (D:4)
  3 steam dragons
  4 wargs
  A redback (Lair:2)
  4 vampire mosquitoes
  Menkaure (D:7)
  2 chaos spawn (D:15)
  5 swamp worms
  4 acid dragons
  16 water moccasins
  Duvessa (D:7)
  Edmund (D:5)
  A hell hound (Orc:2)
  An ice beast (D:7)
  27 orc warriors
  9 black bears
  A sky beast (D:7)
  4 ogres
  A swamp drake (Swamp:2)
  2 laughing skulls (D:14)
  6 centaurs
  A phantom (D:5)
  A lemure (D:5)
  7 kobold brigands
  12 bullfrogs
  Blork the orc (D:5)
  6 scorpions
  13 wights
  Dowan (D:7)
  14 killer bees
  A jelly (D:8)
  3 electric eels
  7 howler monkeys
  5 bombardier beetles
  A gnoll bouda (D:7)
  Ijyb (D:4)
  5 hounds
  11 orc priests
  2 iguanas (D:7)
  17 orc wizards
  2 sleepcaps
  Robin (D:2)
  A gnoll (D:4)
  5 adders
  A shadow imp (D:7)
  2 white imps
  5 ufetubi
  2 dart slugs (D:2)
  A ribbon worm (D:3)
  57 orcs
  4 endoplasms
  2 giant cockroaches (D:3)
  21 goblins
  7 hobgoblins
  4 jackals (D:1)
  26 kobolds
  5 quokkas
  5 ball pythons
  5 bats
  2 frilled lizards (D:1)
  10 rats
623 creatures vanquished.

Vanquished Creatures (others)
  An occultist (D:15)
  A spriggan druid (Swamp:2)
  A bloated husk (Swamp:2)
  A hornet (Swamp:2)
  A bullfrog (Lair:3)
  A howler monkey (D:7)
  An orc wizard (Orc:1)
  A white imp (D:7)
  An orc (Orc:1)
  A kobold (D:7)
  14 foxfires (Swamp:1)
24 creatures vanquished.

Grand Total: 647 creatures vanquished

Notes
Turn   | Place    | Note
-------+----------+-------------------------------------------
     0 | D:1      | Warped the Minotaur Monk began the quest for the Orb.
     0 | D:1      | Reached XP level 1. HP: 19/19 MP: 0/0
   130 | D:1      | Reached skill level 4 in Axes
   151 | D:1      | Reached XP level 2. HP: 21/26 MP: 1/1
   284 | D:1      | You fall into a shaft and drop 1 floor!
   417 | D:1      | Reached skill level 5 in Axes
   421 | D:1      | Reached XP level 3. HP: 20/31 MP: 2/2
   519 | D:1      | Found Qoppei's Book Shop.
   871 | D:2      | Noticed Robin
   877 | D:2      | Killed Robin
   904 | D:2      | Reached skill level 6 in Axes
   904 | D:2      | Reached XP level 4. HP: 12/39 MP: 3/3
  1890 | D:3      | Found Fualegup's Antique Weapon Emporium.
  2224 | D:3      | Found a faded altar of an unknown god.
  2362 | D:3      | Identified the +7 sling of Noth {heavy, Str+3 Dex+2}
  2973 | D:4      | Noticed a scorpion
  2979 | D:4      | Killed a scorpion
  2980 | D:4      | Reached skill level 7 in Axes
  2980 | D:4      | Reached XP level 5. HP: 37/46 MP: 4/4
  3016 | D:4      | Noticed Ijyb
  3019 | D:4      | Paralysed by Ijyb for 2 turns
  3020 | D:4      | Reached skill level 1 in Ranged Weapons
  3025 | D:4      | Killed Ijyb
  3122 | D:4      | Found the amulet of Elemental Vulnerability {rPois rF--
                  | rC-- AC+8}
  3130 | D:4      | Noticed Sigmund
  3139 | D:4      | Killed Sigmund
  3140 | D:4      | Reached skill level 5 in Fighting
  3140 | D:4      | Reached XP level 6. HP: 41/56 MP: 5/5
  3212 | D:4      | Found a stormy altar of Qazlal.
  3219 | D:4      | Noticed Eustachio
  3246 | D:4      | Became a worshipper of Qazlal Stormbringer
  3246 | D:4      | Reached * piety under Qazlal
  3246 | D:4      | Reached ** piety under Qazlal
  3352 | D:4      | Found a hazy altar of Hepliaklqana.
  3619 | D:4      | Killed Eustachio
  3620 | D:4      | Reached skill level 8 in Axes
  3620 | D:4      | Reached XP level 7. HP: 35/62 MP: 6/6
  3849 | D:5      | Entered Level 5 of the Dungeon
  3862 | D:5      | Identified the +2 pearl dragon scales "Yfimae" {+Inv rElec
                  | rN+ MP+9 Int-3}
  4099 | D:5      | Noticed Pikel
  4110 | D:5      | Killed Pikel
  4111 | D:5      | Reached skill level 9 in Axes
  4111 | D:5      | Reached XP level 8. HP: 44/73 MP: 7/7
  4324 | D:3      | Bought a war axe for 101 gold pieces
  4527 | D:5      | Found a glowing golden altar of the Shining One.
  4588 | D:5      | Noticed Blork the orc
  4594 | D:5      | Killed Blork the orc
  4606 | D:5      | Reached skill level 10 in Axes
  4697 | D:5      | Found a radiant altar of Vehumet.
  4733 | D:5      | Found a shimmering blue altar of Sif Muna.
  4815 | D:5      | Noticed Edmund
  4824 | D:5      | Killed Edmund
  4943 | D:5      | Found a burning altar of Makhleb.
  5047 | D:5      | Found a white marble altar of Elyvilon.
  5265 | D:5      | Found a staircase to the Ecumenical Temple.
  5330 | Temple   | Entered the Ecumenical Temple
  5399 | D:6      | Reached skill level 11 in Axes
  5513 | D:6      | Reached XP level 9. HP: 30/79 MP: 8/8
  5519 | D:6      | Reached skill level 1 in Armour
  5541 | D:6      | Reached skill level 12 in Axes
  5951 | D:6      | Found an opulent altar of Gozag.
  5992 | D:6      | Reached *** piety under Qazlal
  6072 | D:6      | Found a sparkling altar of Nemelex Xobeh.
  6117 | D:6      | Found Vyih Sob's Book Shoppe.
  6730 | D:7      | Noticed Maurice
  6740 | D:7      | Killed Maurice
  6741 | D:7      | Reached skill level 13 in Axes
  6741 | D:7      | Reached skill level 5 in Dodging
  6873 | D:7      | Noticed Menkaure
  6879 | D:7      | Killed Menkaure
  7021 | D:7      | Reached XP level 10. HP: 86/86 MP: 9/9
  7049 | D:7      | Reached skill level 5 in Armour
  7226 | D:7      | Noticed a deep elf pyromancer
  7237 | D:7      | Killed a deep elf pyromancer
  7238 | D:7      | Reached skill level 14 in Axes
  7311 | D:7      | Noticed a cyclops
  7320 | D:7      | Killed a cyclops
  7321 | D:7      | Reached skill level 15 in Axes
  7326 | D:7      | Reached **** piety under Qazlal
  7692 | D:7      | Noticed Dowan
  7693 | D:7      | Noticed Duvessa
  7696 | D:7      | Killed Dowan
  7702 | D:7      | Killed Duvessa
  8363 | D:8      | Found a shimmering altar of Xom.
  8365 | D:8      | Found a blossoming altar of Fedhas.
  8366 | D:8      | Found a shadowy altar of Dithmenos.
  8366 | D:8      | Found a sacrificial altar of Ru.
  8436 | D:8      | Reached skill level 16 in Axes
  8685 | D:8      | Reached XP level 11. HP: 92/92 MP: 10/10
  8781 | D:9      | Found a staircase to the Lair.
  8785 | D:9      | Reached skill level 17 in Axes
  8798 | D:9      | Reached XP level 12. HP: 82/100 MP: 11/11
  9043 | D:9      | Noticed a two-headed ogre
  9053 | D:9      | Killed a two-headed ogre
  9200 | D:9      | Reached skill level 18 in Axes
  9481 | D:9      | Found a hide-covered altar of Uskayaw.
  9490 | D:9      | Reached ***** piety under Qazlal
  9815 | D:10     | Entered Level 10 of the Dungeon
  9895 | D:10     | Noticed Sonja
  9903 | D:10     | Killed Sonja
  9904 | D:10     | Reached skill level 1 in Invocations
 10184 | D:10     | Noticed Erica
 10188 | D:10     | Killed Erica
 10376 | D:11     | Reached skill level 19 in Axes
 11177 | D:12     | Reached skill level 5 in Invocations
 11234 | D:12     | Noticed a two-headed ogre
 11237 | D:12     | Killed a two-headed ogre
 11662 | D:12     | Noticed Urug
 11670 | D:12     | Killed Urug
 11671 | D:12     | Reached XP level 13. HP: 83/105 MP: 16/16
 11820 | D:12     | Reached skill level 20 in Axes
 12018 | D:12     | Found a staircase to the Orcish Mines.
 12804 | Orc:1    | Entered Level 1 of the Orcish Mines
 12811 | Orc:1    | Noticed an orc warlord
 12975 | D:12     | Killed an orc warlord
 13625 | Lair:1   | Entered Level 1 of the Lair of Beasts
 13785 | Lair:1   | Reached ****** piety under Qazlal
 13894 | Lair:1   | You fall into a shaft and drop 1 floor!
 13919 | Lair:2   | Found a runed translucent gate.
 13919 | Lair:2   | Noticed FoolsGold's ghost (journeyman HOFi)
 13920 | Lair:2   | Found a runed translucent gate.
 13920 | Lair:2   | Found a runed translucent gate.
 14009 | Lair:2   | Noticed Amaemon
 14019 | Lair:2   | Killed Amaemon
 14423 | Lair:2   | Found a hole to the Spider Nest.
 14520 | Lair:2   | Found a staircase to the Swamp.
 14801 | Lair:3   | Noticed Nessos
 14813 | Lair:3   | Killed Nessos
 15039 | Lair:3   | Noticed Snorg
 15052 | Lair:3   | Killed Snorg
 15352 | Lair:3   | Reached skill level 10 in Armour
 16103 | Lair:4   | Reached skill level 10 in Dodging
 16110 | Lair:4   | Reached XP level 14. HP: 98/118 MP: 19/19
 16722 | Lair:4   | Found a viscous altar of Jiyva.
 16723 | Lair:4   | Found a staircase to the Slime Pits.
 17474 | Lair:5   | Entered Level 5 of the Lair of Beasts
 17511 | Lair:5   | Reached skill level 10 in Fighting
 17610 | Lair:5   | Reached skill level 10 in Invocations
 18564 | Lair:5   | Identified the +8 hand axe of Excruciating Pain {elec, rF++
                  | Int+3 SInv}
 18905 | Orc:2    | Entered Level 2 of the Orcish Mines
 18966 | Orc:2    | Noticed Saint Roka
 18981 | Orc:2    | HP: 5/124 [orc priest/divine providence (9)]
 18991 | Orc:2    | Killed Saint Roka
 19341 | Orc:2    | Found a staircase to the Elven Halls.
 19404 | Orc:2    | Reached XP level 15. HP: 92/130 MP: 22/22
 19409 | Orc:2    | Found Wagucus's Jewellery Shoppe.
 19423 | Orc:2    | Found Xuleuhuk's Antique Armour Shoppe.
 19525 | Orc:2    | Found Ishroiso's General Store.
 19528 | Orc:2    | Found Vofrouw's Antique Weapon Shoppe.
 19678 | Orc:2    | Found Ikesausk's Jewellery Emporium.
 19704 | Orc:2    | Found Riluck's Antique Weapon Boutique.
 19906 | Orc:2    | Found a shimmering altar of Xom.
 20152 | D:13     | Found a transporter.
 20238 | D:13     | Identified the +8 mace "Vaek Fao" {freeze, Int+4 Dex+2
                  | Stlth+}
 20298 | D:13     | Found Onkooke's General Store.
 20332 | D:13     | Found a transporter.
 20650 | D:14     | Found Xyonypha's Antique Armour Boutique.
 21354 | D:14     | Found a gate to the Vaults.
 21411 | D:15     | Entered Level 15 of the Dungeon
 21412 | D:15     | Found a shimmering altar of Xom.
 21412 | D:15     | Found the +7 mace of Variability {chaos, chaos arc}
 22200 | D:15     | Found a staircase to the Depths.
 23826 | Lair:2   | Killed FoolsGold's ghost
 23890 | Swamp:1  | Entered Level 1 of the Swamp
 24143 | Swamp:1  | Noticed a fenstrider witch
 24164 | Swamp:1  | Paralysed by a fenstrider witch for 3 turns
 24171 | Swamp:1  | Killed a fenstrider witch
 24924 | Swamp:2  | Noticed a fenstrider witch
 24936 | Swamp:1  | Paralysed by a fenstrider witch for 3 turns
 25256 | Swamp:2  | HP: 6/135 [acid (4)]
 25257 | Swamp:2  | Slain by a tyrant leech

Illustrated notes

Levels and vault maps discovered:
D:1:      elethiomel_arrival_fortress_basement, layout_basic, serial_shops,
          shop_fountains
D:2:      layout_loops_corners, serial_rivers, chequers_serial_rivers_large_a,
          chequers_serial_rivers_micro_d, chequers_serial_rivers_micro_d,
          chequers_serial_rivers_small_3, minmay_cut_off, uniq_robin
D:3:      layout_basic, shapermc_ecumenical_altar_mp_ritualfount, serial_shops,
          shop, minmay_misc_feat_roman, chequers_serial_rivers_small_3,
          nicolae_figureground_sparkle
D:4:      layout_loops_cross, mainiacjoe_overflow_surrounded_room,
          marbit_many_paths, uniq_eustachio, uniq_ijyb, uniq_sigmund
D:5:      layout_basic, mainiacjoe_overflow_catwalk,
          mainiacjoe_overflow_two_lobes, nicolae_tso_swordbearing_angel,
          makhleb_heckhound_becter, temple_statues, uniq_edmund,
          uniq_blork_the_orc, uniq_pikel
D:6:      layout_gridville, mainiacjoe_overflow_alcove_1, lemuel_crystal_altar,
          serial_shops, nicolae_book_shop_shelving, minmay_starry_boxes
D:7:      nzn_winding_woodlands_three_and_one
          [nzn_winding_woodlands_5x15_default,
          nzn_winding_woodlands_5x15_river_crossing,
          nzn_winding_woodlands_5x15_twine,
          nzn_winding_woodlands_center_garden], layout_basic, uniq_maurice,
          uniq_menkaure, uniq_duvessa
D:8:      layout_gridville, grunt_temple_overflow_open
D:9:      layout_irregular_city, nicolae_uskayaw_en_pointe,
          due_lair_maze_entry_diamond, minmay_puff
D:10:     layout_basic, uniq_sonja, uniq_erica
D:11:     cheibrodos_iron_armory, layout_long_grid
D:12:     layout_basic, orc_0_dummy, nicolae_looking_at_the_future, uniq_urug
D:13:     layout_rooms, serial_shops, shop, st_stairs_3, nicolae_diode_stairs
D:14:     layout_roguey, david_vaults_5, nicolae_figureground_pulse,
          serial_shops, shop
D:15:     gammafunk_enter_depths_forms, layout_basic, kennysheep_pointless_box,
          minmay_guarded_unrand_variability
Temple:   nicolae_temple_two_arcs
Lair:1:   layout_hall_layers, serial_forest, infiniplex_forest_lined_4_way,
          infiniplex_forest_lined_2, infiniplex_forest_clump_C,
          infiniplex_forest_lined_room_, infiniplex_forest_lined_3,
          infiniplex_forest_clump_small, infiniplex_forest_clump_medium,
          infiniplex_forest_lined_room_, infiniplex_forest_clump_curved,
          infiniplex_forest_lined_room_2, serial_bayou_ford_a,
          serial_bayou_shore_b, infiniplex_staircase_pool_2
Lair:2:   layout_loops_ring, swamp_mist, spider_nest_entry_funnel_web,
          gammafunk_ghost_split, uniq_amaemon
Lair:3:   layout_cave_pods, chequers_serial_rivers_marsh, ldierk_geyser,
          serial_bayou_lagoon_b, lemuel_fruit_tree, uniq_nessos, uniq_snorg
Lair:4:   wad_woods_structure_01, layout_regular_city,
          minmay_slime_entry_oklob_open, grunt_forest_stairs_basic
Lair:5:   gammafunk_lair_ancient_temple, layout_misc_corridors,
          serial_bayou_shore_b
Swamp:1:  layout_basic_swamp, evilmike_swamp_ruin_house_5
Swamp:2:  layout_basic_swamp, evilmike_swamp_ruin_house_2, swamp_pool_3,
          infiniplex_staircase_pool
Orc:1:    layout_caves, uniq_nergalle
Orc:2:    grunt_orc_cross, layout_caves, serial_shops, shop, shop,
          regret_index_xom_of_box

Skill      XL: |  1  2  3  4  5  6  7  8  9 10 11 12 13 14 15 |
---------------+----------------------------------------------+-----
Axes           | 4 5 6 7 8 9 11 13 16 17 19 20 | 20.6
Fighting       | 4 5 7 9 11 13 | 13.1
Ranged Weapons | 2 3 4 |  4.0
Armour         | 4 9 10 12 13 | 13.9
Dodging        | 5 8 10 11 14 | 14.1
Invocations    | 6 9 10 11 | 11.3

Action                     |  1- 3 |  4- 6 |  7- 9 | 10-12 | 13-15 || total
---------------------------+-------+-------+-------+-------+-------++-------
  Melee: Hand axe          |    73 |    36 |     8 |       |       ||   117
         Headbutt          |    13 |    22 |    49 |    66 |   228 ||   378
         Dagger            |       |    78 |    32 |       |       ||   110
         War axe           |       |       |   161 |    13 |       ||   174
         Battleaxe         |       |       |       |   292 |   911 ||  1203
         Morningstar       |       |       |       |       |    20 ||    20
  Throw: Stone             |       |       |       |     1 |       ||     1
 Invoke: Disaster Area     |       |       |       |       |     3 ||     3
Ability: Begin Untransform |       |       |       |       |     1 ||     1
  Evoke: Wand              |       |       |     4 |    10 |    12 ||    26
    Use: Scroll            |       |       |     9 |    16 |     8 ||    33
         Potion            |       |       |       |     1 |    11 ||    12
   Stab: Paralysed         |       |       |       |       |     2 ||     2
 Armour: Robe              |    41 |    12 |       |       |       ||    53
         Leather armour    |       |    48 |    35 |       |       ||    83
         Pearl dragon scal |       |       |   133 |   192 |   503 ||   828
         Swamp dragon scal |       |       |       |       |    51 ||    51
  Dodge: Dodged            |    58 |    64 |    97 |   133 |   378 ||   730
         Repelled          |       |       |       |     2 |    17 ||    19
  Block: Other             |       |       |       |    68 |   357 ||   425
         Reflection        |       |       |       |     5 |    19 ||    24
   Form: Storm             |       |       |       |       |     1 ||     1
